 Dungeon Crawl Stone Soup version 0.31-a0-233-g139696dc86 (webtiles) character file.

Game seed: 485876699367823400

49 Nietzsche the Cutter (level 3, 0/27 HPs)
             Began as a Vampire Reaver on July 8, 2023.
             Slain by a worm (6 damage)
             ... on level 2 of the Dungeon.
             The game lasted 00:03:35 (1019 turns).

Nietzsche the Cutter (Vampire Reaver)               Turns: 1019, Time: 00:03:35

Health: 0/27       AC:  3    Str: 11    XL:     3   Next: 53%
Magic:  6/6        EV:  9    Int: 17    God:
Gold:   125        SH:  0    Dex: 12    Spells: 5/6 levels left

rFire   . . .        a - +0 short sword
rCold   . . .        (no shield)
rNeg    . . .        b - +0 leather armour
rPois   .            (no helmet)
rElec   .            (no cloak)
rCorr   .            (no gloves)
SInv    +            (no boots)
Will    .....        (no amulet)
Stlth   +            (no ring)
HPRegen 0.44/turn    (no ring)
MPRegen 0.10/turn

%: no passive effects
@: healing quickly, constricted
A: alive, fangs 3, see invisible, vampiric 2
a: Exsanguinate


You were on level 2 of the Dungeon.
You visited 1 branch of the dungeon, and saw 2 of its levels.

You collected 125 gold pieces.

Inventory:

Hand Weapons
 a - a +0 short sword (weapon)
Armour
 b - a +0 leather armour (worn)
Jewellery
 c - an amulet of regeneration
Scrolls
 d - 2 scrolls of teleportation {unknown}
 e - a scroll of vulnerability {unknown}


   Skills:
 + Level 2.0 Fighting
 + Level 3.9 Short Blades
 + Level 1.1 Armour
 + Level 2.4 Dodging
 * Level 1.4 Stealth
 + Level 2.1 Spellcasting
 + Level 2.2 Conjurations


You had 5 spell levels left.
You knew the following spells:

 Your Spells              Type           Power      Damage    Failure   Level
a - Kiss of Death         Conj/Necr      20%        2d7       16%         1

Your spell library contained the following spells:

 Spells                   Type           Power      Damage    Failure   Level
 Momentum Strike          Conj/Tloc      10%        3d8       24%         2
 Hailstorm                Conj/Ice       5%         3d4       43%         3
 Portal Projectile        Hex/Tloc       2%         N/A       58%         3
 Tukima's Dance           Hex            1%         N/A       58%         3
 Blade Hands              Tmut           0%         N/A       100%        5


Dungeon Overview and Level Annotations

Branches:
Dungeon (2/15)

Altars:


Innate Abilities, Weirdness & Mutations

Your natural rate of healing is accelerated.
You have razor-sharp teeth.
You have supernaturally acute eyesight. (SInv)
You are afflicted with vampirism and can become a bat while bloodless.


Message History

The ball python bites you. The ball python barely misses you.
The worm barely misses you.
You barely miss the worm. You bite the worm.
The worm is moderately wounded.
The ball python bites you but does no damage.
The ball python grabs you. The ball python constricts you.
You barely miss the worm.
The worm is moderately wounded.
The ball python bites you. The ball python constricts you. The worm bites you!
You hit the worm. You bite the worm.
The worm is heavily wounded.
The ball python barely misses you. The ball python constricts you.
You hit the worm.
The worm is severely wounded.
The ball python barely misses you. The ball python constricts you.
The worm closely misses you.
You hit the worm.
The worm is severely wounded.
The ball python barely misses you. The ball python constricts you.
You barely miss the worm.
The worm is severely wounded.
The ball python bites you but does no damage.
The ball python constricts you. The worm bites you but does no damage.
You hit the worm.
The worm is severely wounded.
The ball python bites you. The ball python constricts you.
You hit the worm.
The worm is severely wounded.
The ball python closely misses you. The ball python constricts you.
The worm bites you!
* * * LOW HITPOINT WARNING * * *
You hit the worm.
The worm is severely wounded.
The ball python bites you but does no damage.
The ball python constricts you.
You hit the worm but do no damage. Your bite misses the worm.
The worm is severely wounded.
The ball python bites you but does no damage.
The ball python constricts you. The worm bites you.
You die...

#>#.#..######.#
.#
#.#.#......†..#
'#
#.....#########
###.####
#.##.##
#.#...###
#........
####S#...###
#...@....#
#.##w###.# #
#.. .# #.#. #
.###. # #. .# #


You could see a worm and a ball python.

Vanquished Creatures
  An adder (D:2)
  A worm (D:2)
  2 dart slugs
  2 orcs (D:2)
  An endoplasm (D:1)
  A giant cockroach (D:2)
  3 goblins
  5 hobgoblins
  A quokka (D:1)
  2 ball pythons (D:1)
  2 bats
  2 frilled lizards (D:1)
  4 kobolds
  5 rats
32 creatures vanquished.

Notes
Turn   | Place    | Note
-------+----------+-------------------------------------------
     0 | D:1      | Nietzsche the Vampire Reaver began the quest for the Orb.
     0 | D:1      | Reached XP level 1. HP: 16/16 MP: 3/3
   202 | D:1      | Reached XP level 2. HP: 22/22 MP: 5/5
   722 | D:2      | Reached skill level 1 in Stealth
   775 | D:2      | Gained mutation: You are afflicted with vampirism and can
                  | become a bat while bloodless. [Vampire growth]
   775 | D:2      | Reached XP level 3. HP: 24/27 MP: 6/6
   825 | D:2      | Reached skill level 1 in Armour
  1019 | D:2      | Slain by a worm

Illustrated notes

Levels and vault maps discovered:
D:1:      lemuel_arrival_funnel, layout_basic
D:2:      layout_loops_corners, minmay_randomly_rotated_circles

Skill      XL: |  1  2  3 |
---------------+----------+-----
Fighting       | 2 |  2.0
Stealth        | 1 |  1.4
Armour         | 1 |  1.1
Short Blades   | |  3.9
Dodging        | |  2.4
Spellcasting   | |  2.1
Conjurations   | |  2.2

Action                     || total
---------------------------++-------
  Melee: Short sword       ||   179
         Bite              ||    16
    Use: Potion            ||     1
   Stab: Sleeping          ||     1
 Armour: Leather armour    ||    40
  Dodge: Dodged            ||    91

Table legend: (Time is in decaauts)
 A = Elapsed time spent in this place.
 B = Non-inter-level travel time spent in this place.
 C = Inter-level travel time spent in this place.
 D = Time resting spent in this place.
 E = Time spent auto-exploring this place.
 F = Levels seen in this place.
 G = Mean time per level.
                   A        B        C        D        E       F      G
               +--------+--------+--------+--------+--------+-----+--------+
         Total |    997 |    974 |     23 |      0 |    582 |   2 |  498.5 |
       Dungeon |    997 |    974 |     23 |      0 |    582 |   2 |  498.5 |
               +--------+--------+--------+--------+--------+-----+--------+

Top non-repeatable levels by time:
     D:1: 594 daAuts
     D:2: 403 daAuts
